 Dungeon Crawl Stone Soup version 0.18-a0-1637-g109f206 (webtiles) character file.

102 syage the Sneak (level 4, -5/23 HPs)
             Began as a Vine Stalker Assassin on Mar 26, 2016.
             Slain by an iguana (9 damage)
             ... on level 4 of the Dungeon.
             The game lasted 00:06:46 (1871 turns).

syage the Sneak (Vine Stalker Assassin)             Turns: 1871, Time: 00:06:47

Health: -5/23      AC:  3    Str: 13    XL:     4   Next: 77%
Magic:  0/5        EV: 12    Int: 11    God:
Gold:   185        SH:  0    Dex: 17    Spells: 0 memorised, 3 levels left

rFire  . . .     SeeInvis .     a - +2 dagger
rCold  . . .     Gourm    .     c - +0 robe
rNeg   + . .     Faith    .     (no shield)
rPois  .         Spirit   +     (no helmet)
rElec  .         Dismiss  .     d - +0 cloak
rCorr  .         Reflect  .     (no gloves)
SustAt .         Harm     .     (no boots)
MR     .....                    (no amulet)
Stlth  +++.......               (no ring)
                                s - ring of positive energy

@: not resistant to hostile enchantments, fairly stealthy
A: fangs 2, regeneration 1, magic shield, antimagic bite, no device heal 3, rot
immunity
a: no special abilities


You were on level 4 of the Dungeon.
You were very hungry.

You visited 1 branch of the dungeon, and saw 4 of its levels.

You collected 185 gold pieces.

Inventory:

Hand Weapons
 a - a +2 dagger (weapon)
 b - a +0 blowgun
Missiles
 e - 8 poisoned needles
 f - 2 curare-tipped needles
 q - 3 javelins (quivered)
Armour
 c - a +0 robe (worn)
 d - a +0 cloak (worn)
Jewellery
 s - a ring of positive energy (left hand)
Wands
 p - a wand of random effects (10/48)
Scrolls
 i - 3 scrolls of identify {unknown}
 m - 2 scrolls of random uselessness {unknown}
 o - 2 scrolls of enchant armour {unknown}
Potions
 k - a potion of brilliance {unknown}
 n - a potion of heal wounds {unknown}
 r - a potion of degeneration {unknown}
 t - a potion of haste {unknown}
 u - a potion of berserk rage {unknown}
Comestibles
 g - 2 bread rations
 h - 3 slices of pizza
 j - 3 fruits
 l - 3 meat rations


   Skills:
 + Level 2.0 Fighting
 * Level 2.4 Short Blades
 - Level 1.8 Throwing
 + Level 1.9 Dodging
 + Level 6.2 Stealth


You had 3 spell levels left.
You didn't know any spells.

Dungeon Overview and Level Annotations

Branches:
Dungeon (4/15)
 Temple: D:4-7

Altars:
Makhleb
Nemelex Xobeh


Innate Abilities, Weirdness & Mutations

You have extremely sharp teeth.
Your natural rate of healing is unusually fast.
When hurt, damage is shared between your health and your magic reserves.
Your bite disrupts and absorbs the magic of your enemies.
Potions and wands cannot restore your health.
You are immune to rotting.


Message History

You feel sick.
You feel sick.
You feel sick.
You feel sick.
You feel sick.
You feel sick.
You are no longer poisoned.
You are feeling very hungry.
An iguana comes into view.
The iguana barely misses you.
You barely miss the iguana. You bite the iguana, but do no damage.
The iguana bites you!
You hit the iguana but do no damage. The iguana misses you.
You hit the iguana but do no damage. The iguana closely misses you.
You hit the iguana but do no damage. You bite the iguana, but do no damage.
The iguana bites you.
* * * LOW HITPOINT WARNING * * *
You completely miss the iguana. You hit the iguana but do no damage.
The iguana bites you!
You die...

## .# .. #.# #.#
############.#
......l@.....#
###########..# #..# ###
#..# #<# #########..#
#.# #... .........#..#
#.#
#..###...###.##..###.#.
#.#
#..##....+.#...........
#.#
#..##....#.#.##.####...


You could see an iguana.

Vanquished Creatures
  Jessica (D:4)
  2 adders
  2 oozes (D:2)
  A worm (D:2)
  2 dart slugs
  2 giant geckos
  A ball python (D:2)
  2 giant cockroaches
  6 goblins
  3 hobgoblins
  2 jackals (D:1)
  4 kobolds
  8 bats
  6 rats
42 creatures vanquished.

Notes
Turn   | Place    | Note
--------------------------------------------------------------
     0 | D:1      | syage the Vine Stalker Assassin began the quest for the Orb.
     0 | D:1      | Reached XP level 1. HP: 11/11 MP: 2/2
    39 | D:1      | Reached skill level 5 in Stealth
   187 | D:1      | Reached XP level 2. HP: 12/15 MP: 3/3
   890 | D:2      | Reached skill level 1 in Dodging
   919 | D:2      | Reached XP level 3. HP: 18/18 MP: 4/4
  1241 | D:2      | Found a burning altar of Makhleb.
  1243 | D:2      | Noticed a balrug
  1248 | D:2      | Noticed a neqoxec
  1248 | D:2      | Noticed a ynoxinul
  1356 | D:3      | Reached XP level 4. HP: 16/23 MP: 5/5
  1756 | D:4      | Found a sparkling altar of Nemelex Xobeh.
  1756 | D:4      | Noticed Jessica
  1761 | D:4      | Killed Jessica
  1761 | D:4      | Reached skill level 6 in Stealth
  1871 | D:4      | Slain by an iguana

Vault maps used:
D:1:      dpeg_arrival_radiant, nrook_mini_vaults, amethyst_killhole,
          serial_bayou_lagoon_a
D:2:      makhleb_altar_promises_db
D:3:      okawaru_ov_weapons_minmay
D:4:      minmay_temple_entry_glassed_door, first_bread,
          nemelex_lonely_heart_becter

Skill      XL: |  1  2  3  4 |
---------------+-------------+-----
Stealth        | 5 6 |  6.2
Short Blades   | 2 |  2.4
Dodging        | 1 |  1.9
Fighting       | 2 |  2.0
Throwing       | |  1.8

Action                   |  1- 3 |  4- 6 || total
-------------------------+-------+-------++-------
Melee: Dagger            |   100 |    33 ||   133
 Stab: Sleeping          |     6 |     4 ||    10
  Eat: Chunk             |     1 |     1 ||     2
